 Dungeon Crawl Stone Soup version 0.31.0-7-gf635a9b802 (webtiles) character file.

Game seed: 13040524920329826190

205 RepHenryClay the Magician (level 6, -4/40 HPs)
             Began as a Djinni Conjurer on Jan 23, 2024.
             Slain by an ice beast (18 damage)
             ... on level 4 of the Dungeon.
             The game lasted 00:02:42 (2358 turns).

RepHenryClay the Magician (Djinni Conjurer)         Turns: 2358, Time: 00:02:42

Health: -4/40      AC:  4    Str:  6    XL:     6   Next: 9%
Gold:   137        EV: 13    Int: 21    God:
                   SH:  0    Dex: 12

rFire   + + +        k - staff of fire
rCold   x . .        (no shield)
rNeg    . . .        a - +0 robe
rPois   ∞            (no helmet)
rElec   .            (no cloak)
rCorr   .            m - +1 pair of gloves
SInv    .            (boots unavailable)
Will    .....        (no amulet)
Stlth   ++           d - ring of wizardry
HPRegen 0.26/turn    (no ring)
MPRegen 0.00/turn

%: wizardry (x1), infuse magic (-5 HP)
@: flying
A: sickness immunity, fire resistance 2, cold vulnerability 1, float, innate
caster, HP casting, extra vitality 1
a: no special abilities


You were on level 4 of the Dungeon.
You visited 1 branch of the dungeon, and saw 4 of its levels.

You collected 137 gold pieces.

Inventory:

Armour
 a - a +0 robe (worn)
 m - a +1 pair of gloves (worn)
Magical Staves
 k - a staff of fire (weapon)
Jewellery
 d - a ring of wizardry (left hand)
Scrolls
 b - a scroll of acquirement {unknown}
 e - a scroll of fear {unknown}
 f - 2 scrolls of teleportation {unknown}
 g - a scroll of brand weapon {unknown}
 i - a scroll of enchant armour {unknown}
 o - a scroll of identify {unknown}
Potions
 c - 2 potions of curing {unknown}
 h - a potion of invisibility {unknown}
 j - a potion of lignification {unknown}
 l - 2 potions of might {unknown}
 n - a potion of mutation {unknown}
 p - a potion of heal wounds {unknown}


   Skills:
 + Level 4.0 Dodging
 + Level 3.2 Stealth
 + Level 4.3 Spellcasting
 + Level 4.3 Conjurations
 + Level 4.3 Hexes
 + Level 4.3 Summonings
 + Level 4.3 Necromancy
 + Level 4.3 Translocations
 + Level 4.3 Fire Magic
 + Level 4.3 Ice Magic
 + Level 4.3 Air Magic
 + Level 4.3 Earth Magic
 + Level 4.3 Alchemy


You knew the following spells:

 Your Spells              Type           Power      Damage    Failure   Level
a - Magic Dart            Conj           88%        1d7       1%          1
b - Searing Ray           Conj           44%        2d6       1%          2
c - Fulminant Prism       Conj/Alch      11%        3d9       8%          4
d - Iskenderun's Mystic   Conj/Tloc      22%        2d6       8%          4
e - Sandblast             Erth           44%        2d11      1%          1
Q - Blink                 Tloc           44%        N/A       1%          2
Your spell library was empty.

Dungeon Overview and Level Annotations

Branches:
Dungeon (4/15)
 Temple: D:4-7

Altars:
Ashenzari
Xom

Shops:
D:3 =


Innate Abilities, Weirdness & Mutations

You are immune to sickness and miasma.
You are immune to poison.
Your flesh is very heat resistant. (rF++)
You are vulnerable to cold. (rC-)
You float through the air rather than walking.
You learn spells naturally, not from books.
Your magical power is your life essence.
You have superior vitality. (+4 MHP)


Message History

Press: ? - help, Shift-Dir - straight line, f/p - ice beast
Aim: an ice beast (lightly wounded, 100% to hit)
The magic dart hits the ice beast but does no damage.
The ice beast is lightly wounded.
Casting: Magic Dart (safe; 1% risk of failure)
Confirm with . or Enter, or press ? or * to list all spells.
Aiming: Searing Ray (safe; 1% risk of failure)
Press: ? - help, Shift-Dir - straight line, f/p - ice beast
Aim: an ice beast (lightly wounded, 78% to hit)
The searing ray hits the ice beast.
The ice beast is lightly wounded. (Press . to maintain the ray.) Damage: -5%(-2hp) hp: 80%(32hp)
The searing ray hits the ice beast.
The ice beast is moderately wounded.
Damage: -2%(-1hp) hp: 78%(31hp)
The searing ray hits the ice beast.
The ice beast is heavily wounded.
Damage: -3%(-1hp) hp: 75%(30hp)
The searing ray hits the ice beast.
The ice beast is severely wounded.
You finish channelling your searing ray.
The ice beast hits you but does no damage.
Casting: Searing Ray (safe; 1% risk of failure)
Confirm with . or Enter, or press ? or * to list all spells.
Aiming: Searing Ray (safe; 1% risk of failure)
Press: ? - help, Shift-Dir - straight line, f/p - ice beast
Aim: an ice beast (severely wounded, 78% to hit)
The searing ray misses the ice beast. (Press . to maintain the ray.)
The ice beast hits you. The ice beast freezes you!
You feel a terrible chill!
* * * LOW HITPOINT WARNING * * *
Huge Dmg: -35%(-14hp) hp: 40%(16hp)
The searing ray hits the ice beast!
The ice beast is almost dead.
* * * LOW HITPOINT WARNING * * *
The ice beast hits you.
* * * LOW HITPOINT WARNING * * *
The ice beast freezes you!!
You feel a terrible chill!
You die...

#. ... #.########.
#.# #.#
###.#......#.
####.##### #.#
#..........#.
........# #.#
#............
#......# #.#
#............
#......# #)#
#...>........
#......#
#Y#####............
##......#
#@#................
#.......#
#.#.###..........#.
#.......# #.#.#
########.###.
#.####.#### #.#.#
#..##. #####.##
#....# #.#.# ##..#.
.......# ####.#
#.#.# ##...
.......# #.# #.#.#
###. .......# #.#
#.#.# #. .......##
#.###.#.# #.


You could see an ice beast.

Vanquished Creatures
  An ogre (D:4)
  A hound (D:4)
  3 adders
  2 dart slugs
  2 ribbon worms (D:2)
  6 bats
  6 endoplasms
  4 giant cockroaches
  3 goblins
  5 hobgoblins
  2 jackals (D:1)
  3 quokkas
  2 ball pythons (D:2)
  2 frilled lizards
  6 kobolds
  4 rats
52 creatures vanquished.

Notes
Turn   | Place    | Note
-------+----------+-------------------------------------------
     0 | D:1      | RepHenryClay the Djinni Conjurer began the quest for the
                  | Orb.
     0 | D:1      | RepHenryClay set off with the following spells memorised:
                  | Magic Dart, Searing Ray, Fulminant Prism, Iskenderun's
                  | Mystic Blast.
     0 | D:1      | Reached XP level 1. HP: 15/15 MP: 0/0
    21 | D:1      | Found a faded altar of an unknown god.
   156 | D:1      | Reached XP level 2. HP: 18/21 MP: 0/0
   648 | D:1      | Reached XP level 3. HP: 22/25 MP: 0/0
   648 | D:1      | Learned a level 1 spell: Sandblast
  1090 | D:2      | Reached XP level 4. HP: 28/31 MP: 0/0
  1102 | D:2      | Found a broken altar of Ashenzari.
  1606 | D:3      | Found a shimmering altar of Xom.
  1622 | D:3      | Found Tohiy's Jewellery Shoppe.
  2082 | D:4      | Reached XP level 5. HP: 25/35 MP: 0/0
  2082 | D:4      | Learned a level 2 spell: Blink
  2341 | D:4      | Noticed an ogre
  2346 | D:4      | Killed an ogre
  2347 | D:4      | Reached XP level 6. HP: 35/40 MP: 0/0
  2349 | D:4      | Noticed an ice beast
  2358 | D:4      | Slain by an ice beast

Illustrated notes

Levels and vault maps discovered:
D:1:      roadster_arrival_rocket_small, layout_basic,
          nicolae_ecumenical_lake_church
D:2:      layout_rooms, basic_altar
D:3:      layout_basic, mainiacjoe_overflow_alcove_4, serial_shops,
          nicolae_shop_peninsula, minmay_misc_feat_diagonals
D:4:      layout_basic, minmay_misc_feat_cross

Skill      XL: |  1  2  3  4  5 |
---------------+----------------+-----
Stealth        | 2 3 |  3.2
Dodging        | 3 4 |  4.0
Spellcasting   | 4 |  4.3
Conjurations   | 4 |  4.3
Hexes          | 4 |  4.3
Summonings     | 4 |  4.3
Necromancy     | 4 |  4.3
Translocations | 4 |  4.3
Fire Magic     | 4 |  4.3
Ice Magic      | 4 |  4.3
Air Magic      | 4 |  4.3
Earth Magic    | 4 |  4.3
Alchemy        | 4 |  4.3

Action                     |  1- 3 |  4- 6 || total
---------------------------+-------+-------++-------
  Melee: Staff             |       |     7 ||     7
   Cast: Magic Dart        |    72 |    58 ||   130
         Searing Ray       |       |     4 ||     4
 Armour: Robe              |     4 |    10 ||    14
  Dodge: Dodged            |     2 |    12 ||    14
